 Dungeon Sprint DCSS version 0.29-a0-393-g47a863cc1b (webtiles) character file.

Game seed: 2304056267038908005

514 SkeletonJelly the Carver (level 7, -1/69 HPs)
             Began as a Pale Draconian Monk on May 10, 2022.
             Was a Believer of Okawaru.
             Slain by a two-headed ogre
             ... wielding a +0 giant spiked club
              (24 damage)
             ... in the Dungeon (Sprint IX: "|||||||||||||||||||||||||||||").
             The game lasted 00:02:23 (231 turns).

SkeletonJelly the Carver (Pale Draconian Monk)       Turns: 231, Time: 00:02:23

Health: -1/69      AC: 11    Str: 16    XL:     7   Next: 0%
Magic:  2/10       EV: 17    Int: 10    God:    Okawaru [**....]
Gold:   0          SH:  0    Dex: 13    Spells: 6/6 levels left

rFire   . . .      SeeInvis .   l - +2 scimitar (flame)
rCold   . . .      Faith    .   (no shield)
rNeg    . . .      Spirit   .   (body armour unavailable)
rPois   .          Reflect  .   (helmet restricted)
rElec   .          Harm     .   (no cloak)
rCorr   .          Rampage  .   m - +0 pair of gloves
Will    .....      NoTele   +   (no boots)
Stlth   +++.......              (no amulet)
HPRegen 0.21/turn               n - +2 ring of protection
MPRegen 0.12/turn               o - +2 ring of protection

@: short of breath, heroic
A: breathe steam, AC +6, unfitting armour, cold-blooded, steam resistance
a: Breathe Steam, Renounce Religion, Heroism


You were in the Dungeon.
You worshipped Okawaru.
Okawaru was pleased with you.
You visited 1 branch

Inventory:

Hand Weapons
 a - a +0 falchion
 k - the +2 rapier of Trog's Delight {flame, rC+ rN+ Int-2 Stlth+}
   (You found it in the Dungeon)

   It burns those it strikes, dealing additional fire damage.
   Int:       It affects your intelligence (-2).
   rC:        It protects you from cold.
   rN:        It protects you from negative energy.
   Stlth:     It makes you more stealthy.
 l - a +2 scimitar of flaming (weapon)
Armour
 m - a +0 pair of gloves (worn)
Jewellery
 n - a +2 ring of protection (left hand)
 o - a +2 ring of protection (right hand)
Wands
 j - a wand of iceblast (9)
Scrolls
 h - 2 scrolls of blinking
 i - 2 scrolls of amnesia
Potions
 b - a potion of ambrosia
 c - 5 potions of curing
 d - 3 potions of heal wounds
 e - a potion of haste
 f - 4 potions of magic
 g - a potion of invisibility


   Skills:
 + Level 8.5(13.5) Fighting
 * Level 10.5(15.5) Long Blades
 + Level 7.0(12.0) Dodging
 - Level 1.7(6.7) Stealth
 + Level 5.0 Invocations


You had 6 spell levels left.
You didn't know any spells.
Your spell library was empty.

Dungeon Overview and Level Annotations

Branches:
Dungeon (1/1)

Altars:
Cheibriados
Dithmenos
Elyvilon
Fedhas
Gozag
Hepliaklqana
Kikubaaqudgha
Makhleb
Nemelex Xobeh
Okawaru
Qazlal
Ru
Sif Muna
Trog
Uskayaw
Vehumet
Wu Jian
Xom
Yredelemnul
Zin
The Shining One
Beogh
Jiyva
Lugonu


Innate Abilities, Weirdness & Mutations

You can breathe blasts of scalding, opaque steam.
Your pale cyan-grey scales are hard. (AC +6)
You cannot fit into any form of body armour.
You are cold-blooded and may be slowed by cold attacks.
You are immune to the effects of steam.


Message History

A killer bee, a yak, a shadow, an orc warrior, a two-headed ogre and a centaur come into view.
The killer bee buzzes angrily.
The orc warrior shouts!
The centaur shouts!
The yak bellows!
The killer bee barely misses you.
The two-headed ogre shouts in stereo!
You gain the combat prowess of a mighty hero.
The killer bee closely misses you.
The killer bee stings you but does no damage.
The shadow slips into darkness.
The shadow flickers and vanishes!
Deactivating autopickup; reactivate with Ctrl-A.
You now have 3/5 mp.
You miss the killer bee. The killer bee closely misses you.
The killer bee misses you.
You slash the killer bee! You burn the killer bee.
You kill the killer bee!
Okawaru accepts your kill.
Your base Fighting skill increases to level 7!
Your Invocations skill increases to level 1!
Health restored: 52 Unknown command.
Okay, then.
You hit the yak but do no damage.
You tail-slap the yak, but do no damage.
The yak gores you.
You take 5 damage, and have 47/52 hp.
You slice the yak!! You burn the yak.
Your tail-slap misses the yak.
The yak is severely wounded.
The yak gores you.
You take 5 damage, and have 42/52 hp.
You barely miss the yak.
The yak is severely wounded.
The yak completely misses you.
You hit the yak. You burn the yak.
The yak is almost dead.
You hit the yak. You burn the yak.
The yak is almost dead.
The yak closely misses you.
You closely miss the yak. You tail-slap the yak.
You kill the yak!
Okawaru is honoured by your kill.
Your base Long Blades skill increases to level 9!
Your base Dodging skill increases to level 6!
Your Invocations skill gained 2 levels and is now at level 3!
You have reached level 6!
Your scales feel tougher.
You regained 8 hp, and now have 50/61 hp.
Aiming: Iceblast
Press: ? - help, Shift-Dir - straight line, f - two-headed ogre
Aim: a two-headed ogre, wielding a +0 giant spiked club and a +0 giant club The mass of ice explodes!
The iceblast engulfs something!
The iceblast engulfs the two-headed ogre!
The two-headed ogre is lightly wounded.
The shadow strikes at you from the darkness!
Reactivating autopickup.
You take 16 damage, and have 34/61 hp.
MASSIVE DAMAGE!!
You hit the shadow. You burn the shadow.
The shadow is moderately damaged.
You barely miss the shadow.
The shadow is moderately damaged.
You feel like a meek peon again. The shadow misses you.
You hit the shadow. You burn the shadow.
The shadow is heavily damaged.
The shadow hits you.
You take 4 damage, and have 30/61 hp.
You slash the shadow! You burn the shadow.
You destroy the shadow!
Okawaru is honoured by your kill.
Your Fighting skill increases to level 8!
Your Long Blades skill increases to level 10!
Your Dodging skill increases to level 7!
Your Invocations skill gained 2 levels and is now at level 5!
You have reached level 7!
Your scales start taking on a pale cyan-grey colour.
You learn Fire Magic quicker.
You learn Air Magic quicker.
You learn Evocations quicker.
You can breathe blasts of scalding, opaque steam.
You are now immune to the effects of steam.
You regained 5 hp, and now have 35/69 hp.
Aiming: Breathe Steam (1% risk of failure)
Press: ? - help, Shift-Dir - straight line, f/p - two-headed ogre
Aim: a two-headed ogre, wielding a +0 giant spiked club and a +0 giant club (lightly wounded, 86% to hit)
You exhale a blast of scalding steam.
The ball of steam hits the two-headed ogre!
The two-headed ogre is moderately wounded.
The ball of steam misses the orc warrior.
The orc warrior is engulfed in a cloud of scalding steam.
The two-headed ogre is engulfed in a cloud of scalding steam.
The two-headed ogre hits you with a +0 giant spiked club!
The two-headed ogre misses you.
You take 8 damage, and have 27/69 hp.
You gain the combat prowess of a mighty hero.
You now have 2/10 mp.
You slash the two-headed ogre! You burn the two-headed ogre.
The two-headed ogre is severely wounded.
The two-headed ogre is engulfed in a cloud of scalding steam.
The two-headed ogre hits you with a +0 giant spiked club.
The two-headed ogre hits you with a +0 giant club!!
You die... ▓▓▓▓▓▓▓▓▓▓▓▓▓▓▓▓▓▓▓▓▓▓▓▓ _______'..).[.[§@Oo.c... ▓▓▓▓▓▓▓▓▓▓▓▓▓▓▓▓▓▓▓▓▓▓▓▓

You could see a two-headed ogre and an orc warrior.

Vanquished Creatures
  A shadow (D)
  A yak (D)
  A centaur (D)
  A killer bee (D)
  2 gnoll shamans (D)
  An adder (D)
  An ufetubus (D)
  A giant cockroach (D)
  A goblin (D)
  A jackal (D)
  A kobold (D)
  A rat (D)
13 creatures vanquished.

Notes
Turn   | Place    | Note
-------+----------+-------------------------------------------
     0 | D        | SkeletonJelly the Draconian Monk began the quest for the
                  | Orb.
     0 | D        | Reached XP level 1. HP: 19/19 MP: 1/1
   103 | D        | Noticed a gnoll shaman
   103 | D        | Noticed a gnoll shaman
   103 | D        | Noticed a centaur
   106 | D        | Reached skill level 4 in Long Blades
   106 | D        | Reached XP level 2. HP: 27/27 MP: 2/2
   108 | D        | Reached skill level 5 in Long Blades
   108 | D        | Reached XP level 3. HP: 35/35 MP: 3/3
   110 | D        | Reached skill level 5 in Fighting
   112 | D        | Reached skill level 6 in Long Blades
   112 | D        | Reached XP level 4. HP: 42/42 MP: 4/4
   118 | D        | Killed a centaur
   119 | D        | Reached skill level 8 in Long Blades
   119 | D        | Reached skill level 5 in Dodging
   119 | D        | Reached XP level 5. HP: 51/51 MP: 5/5
   124 | D        | Found a snail-covered altar of Cheibriados.
   124 | D        | Found a shadowy altar of Dithmenos.
   124 | D        | Found a white marble altar of Elyvilon.
   124 | D        | Found a blossoming altar of Fedhas.
   124 | D        | Found an opulent altar of Gozag.
   125 | D        | Found a hazy altar of Hepliaklqana.
   126 | D        | Found a viscous altar of Jiyva.
   127 | D        | Found an ancient bone altar of Kikubaaqudgha.
   128 | D        | Found a corrupted altar of Lugonu.
   129 | D        | Found a burning altar of Makhleb.
   130 | D        | Found a sparkling altar of Nemelex Xobeh.
   131 | D        | Found an iron altar of Okawaru.
   132 | D        | Found a stormy altar of Qazlal.
   133 | D        | Found a sacrificial altar of Ru.
   134 | D        | Found a shimmering blue altar of Sif Muna.
   135 | D        | Found a bloodstained altar of Trog.
   136 | D        | Found a hide-covered altar of Uskayaw.
   137 | D        | Found a radiant altar of Vehumet.
   156 | D        | Found an ornate altar of the Wu Jian Council.
   157 | D        | Found a shimmering altar of Xom.
   158 | D        | Found a basalt altar of Yredelemnul.
   159 | D        | Found a glowing silver altar of Zin.
   160 | D        | Found a glowing golden altar of the Shining One.
   175 | D        | Became a worshipper of Warmaster Okawaru
   175 | D        | Reached * piety under Okawaru
   175 | D        | Reached ** piety under Okawaru
   195 | D        | Got the +2 rapier of Trog's Delight {flame, rC+ rN+ Int-2
                  | Stlth+}
   213 | D        | Noticed a yak
   213 | D        | Noticed a shadow
   213 | D        | Noticed an orc warrior
   213 | D        | Noticed a two-headed ogre
   213 | D        | Noticed a centaur
   217 | D        | Reached skill level 1 in Invocations
   223 | D        | Killed a yak
   224 | D        | Reached skill level 9 in Long Blades
   224 | D        | Reached XP level 6. HP: 50/61 MP: 3/8
   228 | D        | Killed a shadow
   229 | D        | Reached skill level 10 in Long Blades
   229 | D        | Reached skill level 5 in Invocations
   229 | D        | Your scales start taking on a pale cyan-grey colour.
   229 | D        | Reached XP level 7. HP: 35/69 MP: 4/10
   229 | D        | Gained mutation: You are immune to the effects of steam.
                  | [Pale Draconian growth]
   231 | D        | Slain by a two-headed ogre

Illustrated notes

Levels and vault maps discovered:
D:        linesprint [early_d, line_temple, items_1, d_10, items_2, lair_1,
          lair_end, items_3, orc_1, orc_end, items_4, d_15, swamp_1, shoals_1,
          snake_1, spider_1, d_20, vaults_1, items_5, swamp_end, shoals_end,
          snake_end, spider_end, vaults_end, d_27, items_6, zot_1, zot_end,
          crypt_end, forest_end, elf_end, slime_end, tomb_end, abyss_end,
          pan_hell_end]

Skill      XL: |  1  2  3  4  5  6 |
---------------+-------------------+-----
Dodging        | 3 4 5 6 7 |  7.0
Fighting       | 4 5 6 7 8 |  8.5
Long Blades    | 4 5 6 8 9 10 | 10.5
Invocations    | 3 5 |  5.0
Stealth        | |  1.7

Action                   |  1- 3 |  4- 6 |  7- 9 || total
-------------------------+-------+-------+-------++-------
Melee: Falchion          |    31 |     7 |       ||    38
       Tailslap          |     4 |     2 |       ||     6
       Scimitar          |       |    12 |     1 ||    13
Invok: Heroism           |       |     1 |     1 ||     2
 Abil: Breathe Steam     |       |       |     1 ||     1
Evoke: Wand              |       |     1 |       ||     1
  Use: Potion            |     1 |       |       ||     1
 Stab: Sleeping          |     1 |       |       ||     1
Armor: Skin              |     7 |     2 |       ||     9
Dodge: Dodged            |    21 |    15 |     1 ||    37

Table legend: (Time is in decaauts)
 A = Elapsed time spent in this place.
 B = Non-inter-level travel time spent in this place.
 C = Inter-level travel time spent in this place.
 D = Time resting spent in this place.
 E = Time spent auto-exploring this place.
 F = Levels seen in this place.
 G = Mean time per level.
                   A        B        C        D        E       F      G
               +--------+--------+--------+--------+--------+-----+--------+
         Total |    239 |    239 |      0 |      0 |     74 |   1 |  239.0 |
       Dungeon |    239 |    239 |      0 |      0 |     74 |   1 |  239.0 |
               +--------+--------+--------+--------+--------+-----+--------+

Top non-repeatable levels by time:
       D: 239 daAuts
